[Event "Early-Titled-Tuesday-Blitz-January-16-2024"]
[Site "Chess.com"]
[Date "2024.01.16"]
[Round "7"]
[White "Flawless_Fighter"]
[Black "bitter-cikolata"]
[Result "0-1"]
[WhiteElo "2687"]
[BlackElo "2563"]
[TimeControl "180+1"]
[EndTime "9:22:03 PST"]
[Termination "bitter-cikolata won by resignation"]

1. e4 e5 2. Nf3 Nc6 3. Nc3 Nf6 4. Bb5 Bc5 5. O-O d6 6. h3 O-O 7. d3 h6 8. Bxc6 bxc6 9. Be3 Bxe3 10. fxe3 Rb8 11. b3 Ba6 12. Qe1 d5 13. Nxe5 Qd6 14. Rxf6 gxf6 15. Ng4 h5 16. Nf2 Kh7 17. Qe2 Qe5 18.
Rf1 Rg8 19. Ncd1 Rg6 20. c4 Rbg8 21. Nh1 dxe4 22. d4 Qg5 23. Rf2 Bc8 24. Kf1 Bxh3 25. Ke1 Bxg2 26. Rxg2 Qxg2 27. Nhf2 Qf3 28. Qf1 Rg1 0-1

[Event "Early-Titled-Tuesday-Blitz-January-16-2024"]
[Site "Chess.com"]
[Date "2024.01.16"]
[Round "7"]
[White "toninhojit"]
[Black "Yushko_Olga"]
[Result "1-0"]
[WhiteElo "2394"]
[BlackElo "2124"]
[TimeControl "180+1"]
[EndTime "9:22:03 PST"]
[Termination "toninhojit won by resignation"]

1. d4 e6 2. Nf3 Nf6 3. c4 d5 4.
Nc3 Be7 5. cxd5 exd5 6. Bg5 Nbd7 7. e3 c6 8. Bd3 O-O 9. Qc2 h6 10. Bh4 Re8 11. h3 Nf8 12. Bg3 Bd6 13. Ne5 c5 14.
O-O cxd4 15. exd4 Qc7 16. Nb5 Qxc2 17. Bxc2 Bb8 18. Rfe1 a6 19. Nc3 N8d7 20. Nxd7 Bxd7 21. Bh4 g5 22. Bg3 Bxg3 23. fxg3 Bc6 24. Bb3 Rad8 25. Kf2 Kg7 26. Re2 Ne4+ 27. Nxe4 dxe4 28. Ke3 Bb5 29. Rf2 Re7 30. Rc1 Red7 31. g4 f6 32.
d5 Bd3 33. a4 Rd6 34. a5 Kf7 35. Rc7+ R8d7 36. Rxd7+ Rxd7 37. Kd4 Ke7 38. Kc3 Rc7+ 39.
Kd2 Rd7 40. Ke3 Rd6 41. Rd2 b6 42. Kd4 bxa5 43. Kc5 Rd7 44. Ba4 Rc7+ 45. Bc6 Bb5 46. d6+ Kd8 47. dxc7+ Kxc7 48. Bxb5 1-0

[Event "Early-Titled-Tuesday-Blitz-January-16-2024"]
[Site "Chess.com"]
[Date "2024.01.16"]
[Round "7"]
[White "MightyGMpretender"]
[Black "Zhigalko_Sergei"]
[Result "0-1"]
[WhiteElo "2857"]
[BlackElo "2967"]
[TimeControl "180+1"]
[EndTime "9:22:04 PST"]
[Termination "Zhigalko_Sergei won by resignation"]

1. e4 c5 2. Nf3 Nc6 3. Nc3 Nf6 4. Bb5 Qc7 5. O-O Nd4 6. h3 a6 7. Bd3 Nxf3+ 8. Qxf3 e6 9. Qe3 Bd6 10. b3 Be5 11. Kh1 b5 12. Bb2 Bb7 13. Nd1 c4 14. bxc4 bxc4 15. Be2 Nxe4 16. Bf3 Bf4 17. Qd4 e5 18. Qxe4 Bxe4 19. Bxe4 Rb8 20. Bc3 O-O 21. Ne3 Bxe3 22. fxe3 d6 23. Bd5 Kh8 24. Rf5 Rb5 25. e4 Rxd5 26. exd5 Qb7 27. Rff1 Rb8 28. Rf5 Qxd5 29.
Raf1 f6 30. Rh5 Qe4 31. a3 Qxc2 32. Rh4 d5 33. Bb4 h6 34. Be7 Rb1 35. Rxb1 Qxb1+ 36. Kh2 Qe1 0-1

[Event "Early-Titled-Tuesday-Blitz-January-16-2024"]
[Site "Chess.com"]
[Date "2024.01.16"]
[Round "7"]
[White "pavet"]
[Black "FormerProdigy"]
[Result "0-1"]
[WhiteElo "2777"]
[BlackElo "3007"]
[TimeControl "180+1"]
[EndTime "9:22:04 PST"]
[Termination "FormerProdigy won by resignation"]

1. e4 c6 2. d4 d5 3. e5 Bf5 4. h4 h5 5. Bd3 Bxd3 6. Qxd3 Qa5+ 7. Nd2 e6 8. Nf3 Nh6 9. O-O Nf5 10. a4 Be7 11. b3 Na6 12. c4 Nb4 13. Qb1 Qd8 14. Ba3 a5 15. Bxb4 Bxb4 16. Qd3 Nxh4 17. cxd5 Nxf3+ 18. Nxf3 Qxd5 19. Rfd1 h4 20. Rac1 h3 21. gxh3 Rxh3 22.
Kg2 Rh6 23. Rh1 Rg6+ 24. Kf1 O-O-O 25. Ke2 Rg4 26. Rcg1 Re4+ 27. Kf1 Rf4 28. Rh3 g6 29. Rgg3 Kb8 30. Rh7 Rd7 31. Rh8+ Ka7 32. Kg2 c5 33. Kg1 cxd4 34. Rc8 g5 35. Rg8 Rc7 36. R8xg5 Rc3 37.
Qb5 Qxb5 0-1

[Event "Early-Titled-Tuesday-Blitz-January-16-2024"]
[Site "Chess.com"]
[Date "2024.01.16"]
[Round "7"]
[White "Nikita_Klepikov"]
[Black "viktorgen2021"]
[Result "1-0"]
[WhiteElo "2381"]
[BlackElo "2539"]
[TimeControl "180+1"]
[EndTime "9:22:05 PST"]
[Termination "Nikita_Klepikov won by checkmate"]

1. e4 g6 2. d4 Bg7 3. Nc3 d6 4. h4 h5 5. Nf3 Nf6 6. Ng5 O-O 7. Be2 c6 8. f3 Qc7 9. Be3 e5 10. g4 d5 11. gxh5 Nxh5 12. Rg1 exd4 13. Bxd4 Qh2 14. Bf2 dxe4 15. Ncxe4 Bf5 16. Qd6 Be5 17. Qd2 Na6 18. O-O-O Rad8 19. Qa5 Bc7 20. Qc3 Be5 21. Qb3 Bxe4 22.
Nxe4 Nf4 23. Bc4 b5 24. Bxf7+ Rxf7 25. Rxd8+ Kg7 26. Ng5 Re7 27. Qg8+ Kh6 28. Qf8+ Bg7 29. Qxe7 Qxf2 30. Rh8+ Bxh8 31. Qh7# 1-0

[Event "Early-Titled-Tuesday-Blitz-January-16-2024"]
[Site "Chess.com"]
[Date "2024.01.16"]
[Round "7"]
[White "lefonghua"]
[Black "SarochaChuemsakul"]
[Result "1-0"]
[WhiteElo "2655"]
[BlackElo "2447"]
[TimeControl "180+1"]
[EndTime "9:22:06 PST"]
[Termination "lefonghua won by resignation"]

1. d4 g6 2. c4 Bg7 3. e4 d6 4. f4 Nf6 5. Nc3 O-O 6. Nf3 c5 7. d5 e6 8. Be2 exd5 9. cxd5 Re8 10. Nd2 Na6 11. O-O Nc7 12. a4 Na6 13. Bf3 Nb4 14. Nc4 a6 15. Re1 h5 16. h3 Rb8 17. a5 h4 18. e5 dxe5 19. fxe5 Nh7 20. Bf4 Bf5 21. Nd6 Nd3 22. Nxe8 Nxe1 23. Qxe1 Qxe8 24. e6 Bd4+ 25. Kh1 Rc8 26. exf7+ Qxf7 27. Qxh4 Qf6 28. Qxf6 Nxf6 29. g4 Bxc3 30. bxc3 Be4 31. Bxe4 Nxe4 32. c4 Rf8 33. Bc7 Rf3 34. Kg2 Rf2+ 35. Kg1 Rd2 36. Bf4 Rd3 37. Rb1 Rxh3 38. Rxb7 g5 39. d6 gxf4 40. d7 Rg3+ 41. Kh2 Rd3 42. Rb8+ Kf7 43. d8=Q Rxd8 44. Rxd8 Ke6 45. Ra8 Ke5 46. Rxa6 Nd6 47. Rxd6 1-0

[Event "Early-Titled-Tuesday-Blitz-January-16-2024"]
[Site "Chess.com"]
[Date "2024.01.16"]
[Round "7"]
[White "DDTerziev04"]
[Black "EsmeraldasAnderson03"]
[Result "0-1"]
[WhiteElo "2168"]
[BlackElo "2403"]
[TimeControl "180+1"]
[EndTime "9:22:06 PST"]
[Termination "EsmeraldasAnderson03 won on time"]

1. e4 c5 2. Nf3 d6 3. d4 cxd4 4. Qxd4 Nf6 5. c4 Nc6 6. Qe3 g6 7. Be2 Bg7 8. Nc3 O-O 9. O-O a6 10. h3 Bd7 11. Rd1 Qc7 12. Rb1 Rab8 13. b3 h6 14. Bb2 Kh7 15. Rd2 Qa5 16. Rbd1 b5 17. cxb5 axb5 18. Nd5 Ng8 19. Bxg7 Kxg7 20. b4 Nxb4 21.
Qc3+ Nf6 22. Qxb4 Qxb4 23. Nxb4 Nxe4 24. Rc2 Bf5 25. Rc7 e5 26. Rdc1 Ra8 27. Bxb5 Rfb8 28.
a4 Nc5 29. Nc6 Rc8 30. Rxc8 Bxc8 31. Nb4 Nxa4 32. Bxa4 Rxa4 33. Rxc8 Rxb4 34. Rd8 Rb1+ 35. Kh2 Rd1 36. Ng1 f5 37. f3 Rd2 38. h4 Kf6 39.
Nh3 d5 40. Rd6+ Kf7 41. h5 gxh5 42. Rxh6 d4 43. Ng5+ Kg7 44. Rd6 Rd1 45. Ne6+ Kf7 46. Nc5 Re1 47. Nd3 Re3 48. Nc5 Rc3 49. Na6 Ke7 50.
Rb6 e4 0-1

[Event "Early-Titled-Tuesday-Blitz-January-16-2024"]
[Site "Chess.com"]
[Date "2024.01.16"]
[Round "7"]
[White "Njal28"]
[Black "Onischuk_V"]
[Result "1-0"]
[WhiteElo "3022"]
[BlackElo "2793"]
[TimeControl "180+1"]
[EndTime "9:22:07 PST"]
[Termination "Njal28 won by resignation"]

1. b3 e5 2. Bb2 Nc6 3. c4 g6 4.
g3 Bg7 5. Bg2 Nge7 6. Nc3 O-O 7.
d3 d6 8. Qd2 Be6 9. h4 h6 10. h5 g5 11. f4 Nf5 12. g4 exf4 13.
gxf5 Bxf5 14. Bxc6 bxc6 15. O-O-O Re8 16. Nf3 Re3 17.
Rde1 Re7 18. e3 Bg4 19. Qg2 Bxf3 20. Qxf3 Qe8 21. Kd2 Be5 22. exf4 Bxf4+ 23. Kd1 Be5 24.
Rxe5 dxe5 25. Ne4 Qc8 26. Rf1 Qe6 27. Nf6+ Kg7 28. Qe4 Rh8 29. Ng4 Rf8 30. Rf6 Qxf6 31. Nxf6 Kxf6 32. Qh7 Rd8 33. Qxh6+ Kf5 34. Qh7+ Kg4 35.
Qe4+ Kxh5 36. Qf5 Rde8 37. Kc2 Kh6 38. Bc1 Kg7 39. Qxg5+ Kf8 40. Ba3 1-0

[Event "Early-Titled-Tuesday-Blitz-January-16-2024"]
[Site "Chess.com"]
[Date "2024.01.16"]
[Round "7"]
[White "Zurability"]
[Black "Zheenbekov86"]
[Result "1-0"]
[WhiteElo "2728"]
[BlackElo "2497"]
[TimeControl "180+1"]
[EndTime "9:22:07 PST"]
[Termination "Zurability won on time"]

1. d4 d5 2. c4 c6 3. Nc3 Nf6 4. e3 Bf5 5. cxd5 cxd5 6. Qb3 Bc8 7. Nf3 Nc6 8. Bd3 e6 9. O-O Bd6 10. Bd2 O-O 11. Rac1 Bd7 12. Nb5 Bb8 13. a3 a6 14.
Nc3 Na5 15. Qc2 b5 16. Ne5 Nc4 17. f4 Bd6 18. Rf3 Nxd2 19. Qxd2 Rc8 20. Rh3 g6 21. Qe1 Bc6 22. Qh4 Ba8 23. Qh6 Re8 24. Ng4 Nh5 25. Rxh5 gxh5 26. Bxh7+ 1-0

[Event "Early-Titled-Tuesday-Blitz-January-16-2024"]
[Site "Chess.com"]
[Date "2024.01.16"]
[Round "7"]
[White "Volodar_Murzin"]
[Black "GMWSO"]
[Result "1-0"]
[WhiteElo "2940"]
[BlackElo "3073"]
[TimeControl "180+1"]
[EndTime "9:22:08 PST"]
[Termination "Volodar_Murzin won on time"]

1. d4 Nf6 2. Nf3 d5 3. Bf4 c5 4.
e3 Nc6 5. Nbd2 Qb6 6. dxc5 Qxb2 7. Rb1 Qc3 8. Bb5 e6 9. O-O Be7 10. Nd4 Bd7 11. N2b3 O-O 12. Bxc6 Bxc6 13. Be5 Qc4 14. Na5 Qxc5 15. Nxb7 Bxb7 16. Rxb7 Rac8 17. Qd3 Rfe8 18. Qa6 Bf8 19. Bxf6 gxf6 20. Rxa7 f5 21. Rb1 Bg7 22.
Qb7 Qf8 23. Nc6 Kh8 24. h3 e5 25. Qd7 Re6 26. Ne7 Rd8 27. Qb7 f4 28. Nxd5 fxe3 29.
Nxe3 e4 30. Qxf7 Qxf7 31. Rxf7 1-0

[Event "Early-Titled-Tuesday-Blitz-January-16-2024"]
[Site "Chess.com"]
[Date "2024.01.16"]
[Round "7"]
[White "chenxiaoyuer"]
[Black "Smiechu"]
[Result "1-0"]
[WhiteElo "2741"]
[BlackElo "2510"]
[TimeControl "180+1"]
[EndTime "9:22:08 PST"]
[Termination "chenxiaoyuer won on time"]

1. e4 c5 2. Nf3 g6 3. d4 cxd4 4.
Nxd4 Nc6 5. c4 Nf6 6. Nc3 Nxd4 7. Qxd4 d6 8. Be3 Bg7 9. Be2 O-O 10. Qd2 a5 11. O-O a4 12. Bd4 Qa5 13. Rad1 Be6 14. f4 Rfc8 15. b3 axb3 16. axb3 Qb4 17. Qc2 b5 18. f5 Bd7 19. Kh1 Bc6 20. e5 dxe5 21. Bxe5 Qc5 22. Bd4 Qb4 23. Qb2 bxc4 24. Bxc4 Qb7 25.
Qe2 Ra5 26. Rde1 Rxf5 27. Rxf5 gxf5 28. Qxe7 Bxg2+ 29. Kg1 Re8 30. Qxe8+ Nxe8 31. Rxe8+ Bf8 32. Bc5 h5 33. Bxf8 Kh7 34. Re7 Qf3 35. Rxf7+ Kg6 36. Rg7+ Kf6 37. Rf7+ Kg6 38. Rg7+ Kf6 39. Rxg2 Qe3+ 40.
Kf1 Qc1+ 41. Kf2 Qf4+ 42. Ke2 Qe5+ 43. Kd3 1-0

[Event "Early-Titled-Tuesday-Blitz-January-16-2024"]
[Site "Chess.com"]
[Date "2024.01.16"]
[Round "7"]
[White "Payyappat"]
[Black "ScofieldMichael01"]
[Result "1/2-1/2"]
[WhiteElo "2449"]
[BlackElo "2592"]
[TimeControl "180+1"]
[EndTime "9:22:08 PST"]
[Termination "Game drawn by repetition"]

1. e4 e6 2. d4 d5 3. Nc3 Nf6 4. Bg5 dxe4 5. Nxe4 Be7 6. Bxf6 gxf6 7. Nf3 f5 8. Ned2 a6 9. Nc4 c5 10. c3 Nc6 11. Nce5 Nxe5 12. Nxe5 cxd4 13. Qh5 O-O 14. O-O-O Qa5 15. Ng4 dxc3 16. Nh6+ Kg7 17. Kb1 c2+ 18.
Kxc2 Qa4+ 19. Kb1 Qf4 20. Rd3 Bg5 21. Be2 Bxh6 22. Rf3 Qd2 23. Rd1 Qxe2 24. Rg3+ Qg4 25. h3 Qxg3 26. fxg3 e5 27. Rd6 Be6 28. g4 fxg4 29.
hxg4 Bf4 30. g5 Rfd8 31. Qh6+ Kg8 32. Rxd8+ Rxd8 33. Qf6 Rc8 34. b3 Rc6 35. Qd8+ Kg7 36. Qf6+ Kf8 37. Qd8+ Kg7 38. Qf6+ Kg8 39. Qd8+ Kg7 1/2-1/2

[Event "Early-Titled-Tuesday-Blitz-January-16-2024"]
[Site "Chess.com"]
[Date "2024.01.16"]
[Round "7"]
[White "mishanick"]
[Black "PepeCuenca"]
[Result "1-0"]
[WhiteElo "3079"]
[BlackElo "2700"]
[TimeControl "180+1"]
[EndTime "9:22:11 PST"]
[Termination "mishanick won on time"]

1. d4 d5 2. c4 e6 3. Nc3 Be7 4. cxd5 exd5 5. Bf4 c6 6. e3 Bf5 7. Nge2 Nd7 8. h4 Ngf6 9. Ng3 Be6 10. Bd3 O-O 11.
h5 h6 12. Nf5 Bxf5 13. Bxf5 Nb6 14. Bd3 Bd6 15. Qf3 Bxf4 16. Qxf4 Qb8 17. g3 Re8 18.
Kd2 Qxf4 19. gxf4 Kf8 20. b3 Nc8 21. Rag1 Nd6 22. Rg2 Re7 23. Rhg1 Nde8 24. Be2 Ne4+ 25. Nxe4 Rxe4 26. f5 f6 27. Bd3 Re7 28. f3 Nd6 29. e4 dxe4 30. fxe4 Rd8 31. e5 Ne8 32. e6 Rxd4 33.
Rg4 Rxg4 34. Rxg4 Nc7 35. Rd4 Ke8 36. b4 a6 37. a4 Kf8 38. Rd8+ Re8 39. Rd7 Re7 40.
Rd6 Ke8 41. Be4 Kf8 42. Kc3 Re8 43. Kc4 Re7 44. Kc5 Ke8 45. Kb6 Kf8 46. Rd8+ Ne8 47. Bd3 Kg8 48. Bc4 Kf8 49. Bb3 Kg8 50. Bd1 Kf8 51.
Be2 Kg8 52. b5 axb5 53. axb5 cxb5 54. Bxb5 Kf8 55. Bd7 1-0

[Event "Early-Titled-Tuesday-Blitz-January-16-2024"]
[Site "Chess.com"]
[Date "2024.01.16"]
[Round "7"]
[White "wonderfultime"]
[Black "platy3"]
[Result "1-0"]
[WhiteElo "3001"]
[BlackElo "2891"]
[TimeControl "180+1"]
[EndTime "9:22:14 PST"]
[Termination "wonderfultime won by resignation"]

1. d4 Nf6 2. Nf3 d5 3. Bf4 c5 4. c3 Qb6 5. Qc2 Nc6 6. e3 cxd4 7. exd4 Bg4 8. Nbd2 Rc8 9. Bd3 e6 10. Qb3 Be7 11. O-O O-O 12. Rfe1 Nd7 13. Re3 Bh5 14. Rae1 Bg6 15. Bxg6 hxg6 16. h4 Qxb3 17. axb3 a5 18.
Ng5 Rfe8 19. Rh3 b5 20. h5 gxh5 21. Rxh5 b4 22. Rh3 Nb6 23. g4 a4 24. Kg2 Bxg5 25. Bxg5 f6 26. Bf4 e5 27. dxe5 fxe5 28. Bg5 axb3 29.
Nxb3 Nc4 30. Bc1 Rb8 31. Nc5 bxc3 32. bxc3 Rb1 33. Reh1 e4 34. Na6 Kf7 35. Nc7 Rd8 36.
Rh5 N6e5 37. Rf5+ Kg8 38. Ne6 Re8 39. Nf4 Nd3 40. Ng6 1-0

[Event "Early-Titled-Tuesday-Blitz-January-16-2024"]
[Site "Chess.com"]
[Date "2024.01.16"]
[Round "7"]
[White "Witik"]
[Black "hongnhung1234"]
[Result "1-0"]
[WhiteElo "2770"]
[BlackElo "2574"]
[TimeControl "180+1"]
[EndTime "9:22:14 PST"]
[Termination "Witik won by resignation"]

1. d4 f5 2. g3 Nf6 3. Bg2 g6 4. Nd2 d6 5. e4 fxe4 6. Nxe4 Bg7 7. Ne2 O-O 8. Nxf6+ Bxf6 9. O-O Nc6 10. Bh6 Bg7 11. Bxg7 Kxg7 12. d5 Ne5 13. f4 Ng4 14. h3 Nf6 15.
Nd4 Qe8 16. Qd3 Qf7 17. c4 e6 18. Rae1 exd5 19. cxd5 Rb8 20. f5 gxf5 21. Ne6+ Bxe6 22. dxe6 Qe7 23. Rxf5 Kh8 24. Qc3 Rbe8 25. Ref1 Kg7 26. g4 h6 27. g5 hxg5 28. Rxg5+ Kh7 29. Qg3 Kh8 30. Be4 Rg8 31. Rxf6 Qxf6 32. Qh4+ 1-0

[Event "Early-Titled-Tuesday-Blitz-January-16-2024"]
[Site "Chess.com"]
[Date "2024.01.16"]
[Round "7"]
[White "xakevicius91"]
[Black "Sebastian"]
[Result "0-1"]
[WhiteElo "2536"]
[BlackElo "2945"]
[TimeControl "180+1"]
[EndTime "9:22:14 PST"]
[Termination "Sebastian won by resignation"]

1. e4 c5 2. Nf3 d6 3. Bb5+ Nd7 4. a4 Nf6 5. Nc3 a6 6. Be2 b6 7. d4 cxd4 8. Nxd4 Bb7 9. f3 e6 10. O-O Be7 11. Be3 O-O 12. Qd2 Rc8 13. Rad1 Qc7 14.
Nb3 Rfe8 15. Rfe1 Qb8 16. Bf1 Bd8 17. Qf2 Bc7 18. g3 h5 19. Bg2 Ba8 20. Nd4 Ne5 21. Bg5 Nh7 22. Bc1 Nf6 23. Bg5 Bd8 24. h3 Rxc3 25. bxc3 Nxe4 26. fxe4 Bxg5 27. Nf3 Bf6 28. Nd4 Qc7 29. Re3 Bg5 30. Ree1 Qxc3 31. Nf3 Bf6 32. Nxe5 Bxe5 33. Bf3 g6 34. Rf1 Qc7 35. Rd3 Bc6 36. g4 hxg4 37. hxg4 Bxa4 38. c4 b5 39. Be2 bxc4 40. Rf3 Re7 41. Qh4 Bc2 42. Rh3 Qa7+ 43. Rf2 Bxe4 44. Kf1 Bg7 45. Qh7+ Kf8 46. Qh4 Qd4 47.
Qg5 Qa1+ 0-1

[Event "Early-Titled-Tuesday-Blitz-January-16-2024"]
[Site "Chess.com"]
[Date "2024.01.16"]
[Round "7"]
[White "DraningWaterHi"]
[Black "TitarovVasiliYouTube"]
[Result "0-1"]
[WhiteElo "2171"]
[BlackElo "2539"]
[TimeControl "180+1"]
[EndTime "9:22:14 PST"]
[Termination "TitarovVasiliYouTube won by resignation"]

1. d4 d5 2. c4 e6 3. Nf3 a6 4.
g3 Nf6 5. Bg2 dxc4 6. O-O Nc6 7.
Nbd2 Nxd4 8. Nxc4 Nc6 9. Bf4 Nd5 10. Nfe5 Nxe5 11. Nxe5 Be7 12. e4 Nxf4 13. gxf4 Qxd1 14. Rfxd1 f6 15. Nc4 O-O 16. Rac1 Rb8 17. Na5 c5 18.
e5 fxe5 19. fxe5 Rf4 20. b3 Kf7 21. Rd3 Ke8 22. Rcd1 Rb4 23. a4 Rf4 24. R1d2 Rf5 25.
Re2 Rf4 26. Re4 Rxe4 27. Bxe4 Bd8 28. Nc4 Bc7 29. a5 g6 30. f4 Bd7 31. Nd6+ Bxd6 32. Rxd6 Ke7 33. Rb6 Bc8 34. Bd3 Kd8 35. Bxa6 Kc7 36.
Bc4 Ra8 37. Rb5 Kc6 38. Rb6+ Kc7 39. Bxe6 Rxa5 40. Bxc8 Kxb6 41. e6 Ra8 42. Bd7 Kc7 43. Bb5 Kd6 44. Bc4 Rb8 0-1

[Event "Early-Titled-Tuesday-Blitz-January-16-2024"]
[Site "Chess.com"]
[Date "2024.01.16"]
[Round "7"]
[White "Firouzja2003"]
[Black "Polish_fighter3000"]
[Result "1-0"]
[WhiteElo "3175"]
[BlackElo "3078"]
[TimeControl "180+1"]
[EndTime "9:22:15 PST"]
[Termination "Firouzja2003 won by resignation"]

1. e4 e5 2. Nf3 Nc6 3. Bb5 Nf6 4. d3 Bc5 5. Nc3 d6 6. Na4 Bb6 7. c3 O-O 8. O-O Ne7 9. Nxb6 axb6 10. Re1 Bd7 11.
Bc4 Ba4 12. b3 Bc6 13. d4 exd4 14. Nxd4 Bxe4 15. Bg5 d5 16. Bf1 c5 17. Nb5 Nc6 18. f3 Bf5 19. Qd2 Qd7 20. Rad1 Rfe8 21. Rxe8+ Rxe8 22.
Bxf6 gxf6 23. Qxd5 Qxd5 24. Rxd5 Be6 25. Rd2 Rd8 26. Rxd8+ Nxd8 27. Bd3 h6 28. Nd6 Kf8 29. Be4 Ke7 30. Nxb7 Nxb7 31. Bxb7 b5 32. Kf2 b4 33. cxb4 cxb4 34. Ke3 Kd6 35. Kd4 f5 36. f4 f6 37. g3 Bf7 38. Bc8 Bd5 39. Bxf5 Bf7 40.
g4 Bd5 41. h4 Bf7 42. g5 fxg5 43. fxg5 hxg5 44. hxg5 Bg8 45. g6 Bd5 46. g7 1-0

[Event "Early-Titled-Tuesday-Blitz-January-16-2024"]
[Site "Chess.com"]
[Date "2024.01.16"]
[Round "7"]
[White "elchacal664"]
[Black "Mikhail_Golubev"]
[Result "0-1"]
[WhiteElo "2362"]
[BlackElo "2528"]
[TimeControl "180+1"]
[EndTime "9:22:16 PST"]
[Termination "Mikhail_Golubev won by resignation"]

1. e4 c5 2. Nc3 e6 3. g3 Nc6 4. Bg2 g6 5. Nge2 Bg7 6. O-O a6 7. a4 Nge7 8. f4 d5 9. d3 d4 10. Nb1 O-O 11. Nd2 e5 12. Nc4 Be6 13. b3 b5 14. f5 gxf5 15. exf5 Bxf5 16. Nd2 Rc8 17. axb5 axb5 18. Ne4 Bg6 19. g4 Nd5 20. N2g3 Nc3 21. Nxc3 dxc3 22. Ra6 Nd4 23. g5 c4 24. dxc4 Bxc2 25.
Qg4 Nxb3 26. Ba3 Rxc4 27. Qf3 Nd2 28. Qf2 Nxf1 29. Nxf1 b4 30. Qxc2 bxa3 31. Be4 Qd4+ 32. Kg2 Qxe4+ 33. Qxe4 Rxe4 0-1

[Event "Early-Titled-Tuesday-Blitz-January-16-2024"]
[Site "Chess.com"]
[Date "2024.01.16"]
[Round "7"]
[White "lilylg"]
[Black "NovakRatko"]
[Result "1-0"]
[WhiteElo "2116"]
[BlackElo "2303"]
[TimeControl "180+1"]
[EndTime "9:22:16 PST"]
[Termination "lilylg won on time"]

1. d4 d5 2. c4 c5 3. cxd5 Qxd5 4.
Nf3 cxd4 5. Qxd4 Qxd4 6. Nxd4 a6 7. Nc3 e5 8. Nf3 f6 9. e4 Nc6 10. Be3 Bb4 11. Bd3 Be6 12. O-O O-O-O 13. Rfd1 Nge7 14. Kf1 Rd7 15. Na4 Rxd3 16. Rxd3 b5 17. Nb6+ Kc7 18. Rc1 Kb7 19. Nd5 Rd8 20. Nxb4 Bc4 21. Rxc4 bxc4 22. Rxd8 Nxd8 23. Nd2 a5 24. Nc2 Kc7 25. Nxc4 Ndc6 26. Ke1 g6 27. b3 Kb7 28. a3 Ka6 29. Kd2 Kb5 30. Nd6+ Ka6 31. b4 axb4 32. axb4 Nd8 33. Kc3 Ne6 34. b5+ Ka5 35. b6 Nc6 36. b7 f5 37. Nb4 Ned8 38. Nxc6+ Nxc6 39. f3 Ka6 40. Kc4 f4 41. Bf2 Na5+ 42. Kd5 Nb3 43. b8=Q 1-0

[Event "Early-Titled-Tuesday-Blitz-January-16-2024"]
[Site "Chess.com"]
[Date "2024.01.16"]
[Round "7"]
[White "viktorskliarov"]
[Black "Alimpic"]
[Result "1-0"]
[WhiteElo "2664"]
[BlackElo "2502"]
[TimeControl "180+1"]
[EndTime "9:22:17 PST"]
[Termination "viktorskliarov won on time"]

1. e4 c5 2. Nf3 d6 3. d4 cxd4 4. Qxd4 Nf6 5. Nc3 Nc6 6. Bb5 Bd7 7.
Bxc6 Bxc6 8. Bg5 e6 9. O-O-O Be7 10. Rhe1 O-O 11. Kb1 a6 12. e5 dxe5 13. Qh4 Qc7 14. Nxe5 h6 15. Bxh6 gxh6 16. Qxh6 Rfd8 17. Re3 Rxd1+ 18.
Nxd1 Ne4 19. Qh5 Bf6 20. Nxc6 Qxc6 21. Qg4+ Ng5 22. h4 Qb5 23. hxg5 Bg7 24. g6 f5 25. Qe2 Rd8 26. Rd3 Re8 27. a3 f4 28. Qe4 Qg5 29.
Rd7 f3 30. gxf3 Qf6 31. Rxb7 e5 32. Ne3 Rf8 33. Qd5+ Kh8 34. Qd7 1-0

[Event "Early-Titled-Tuesday-Blitz-January-16-2024"]
[Site "Chess.com"]
[Date "2024.01.16"]
[Round "7"]
[White "vladgoncharov"]
[Black "Juicy_Fork"]
[Result "1-0"]
[WhiteElo "2587"]
[BlackElo "2422"]
[TimeControl "180+1"]
[EndTime "9:22:17 PST"]
[Termination "vladgoncharov won on time"]

1. d4 Nf6 2. c4 g6 3. Nc3 Bg7 4. Nf3 O-O 5. Bg5 d6 6. e3 c5 7. Be2 Bf5 8. O-O Ne4 9. Bh4 Nc6 10.
Nd5 Qd7 11. Rc1 Rac8 12. b3 e6 13. Nc3 cxd4 14. Nxd4 Nxd4 15. exd4 Nxc3 16. Rxc3 Be4 17. Qd2 d5 18. c5 e5 19. dxe5 Bxe5 20. Rcc1 Qc7 21. Bg3 Rcd8 22. Rfe1 Bxg3 23. hxg3 d4 24. Rc4 Bf5 25. Rxd4 Rxd4 26. Qxd4 Rd8 27. Qc3 Rc8 28. Rc1 Be4 29. b4 Qc6 30. f3 Bd5 31. a3 b6 32. Qe5 Qd7 33. Rd1 Rd8 34. Bc4 Qa4 35. Rxd5 Re8 36. Qf6 Qxa3 37. Rd1 Qa4 38. Qxf7+ 1-0

[Event "Early-Titled-Tuesday-Blitz-January-16-2024"]
[Site "Chess.com"]
[Date "2024.01.16"]
[Round "7"]
[White "Roedor"]
[Black "Chiquitita23"]
[Result "0-1"]
[WhiteElo "2391"]
[BlackElo "2261"]
[TimeControl "180+1"]
[EndTime "9:22:17 PST"]
[Termination "Chiquitita23 won by resignation"]

1. d4 Nf6 2. c4 e6 3. g3 d5 4. Bg2 dxc4 5. Nf3 c6 6. Ne5 Bb4+ 7. Bd2 Be7 8. e3 b5 9. a4 b4 10. O-O O-O 11. Nxc4 a5 12. Ne5 Bb7 13. Bc1 Qc7 14.
Nd2 c5 15. Bxb7 Qxb7 16. Qf3 Qxf3 17. Ndxf3 Nbd7 18. Rd1 cxd4 19. Nxd7 Nxd7 20. Nxd4 Bf6 21. e4 Nc5 22. Be3 Nxe4 23. Rac1 Rac8 24. Rxc8 Rxc8 25. Kg2 Rd8 26. Rc1 h6 27. Nc6 Rd3 28. b3 Rxb3 29.
Nxa5 Rb2 30. Rc8+ Kh7 31. Rc4 Nc3 32. Nc6 Nd5 33. Bd4 Bxd4 34. Nxd4 Ne3+ 0-1

[Event "Early-Titled-Tuesday-Blitz-January-16-2024"]
[Site "Chess.com"]
[Date "2024.01.16"]
[Round "7"]
[White "alekroth65"]
[Black "Nasrin_Babayeva"]
[Result "0-1"]
[WhiteElo "2337"]
[BlackElo "1878"]
[TimeControl "180+1"]
[EndTime "9:22:17 PST"]
[Termination "Nasrin_Babayeva won on time"]

1. d4 d6 2. c4 e5 3. Nc3 exd4 4.
Qxd4 Nc6 5. Qd2 Nf6 6. g3 Be6 7.
Nd5 Ne5 8. b3 Ne4 9. Qe3 Nc5 10. Bg2 c6 11. Nf4 g6 12. Bb2 Bg7 13. Bc3 O-O 14. Nxe6 Nxe6 15. Nf3 Re8 16. Nxe5 dxe5 17.
O-O Nd4 18. Qd2 Qf6 19. e3 Nf3+ 20. Bxf3 Qxf3 21. Qd7 Rab8 22. Rad1 Bh6 23. Rd2 Red8 24. Qxd8+ Rxd8 25. Rxd8+ Kg7 26. Bxe5+ f6 27. Bf4 Bxf4 28. exf4 c5 29. Rfd1 Kh6 30. R1d7 Qe2 31. Rh8 Qe1+ 32. Kg2 Qe4+ 33. f3 Qe2+ 34. Kh3 Qe6+ 35. g4 Qxd7 36. Kg3 Qd2 37. h4 Qe1+ 38. Kh3 Qf1+ 39. Kg3 Qg1+ 0-1

[Event "Early-Titled-Tuesday-Blitz-January-16-2024"]
[Site "Chess.com"]
[Date "2024.01.16"]
[Round "7"]
[White "alvarorodriguezavila"]
[Black "shirovin"]
[Result "1-0"]
[WhiteElo "2304"]
[BlackElo "1988"]
[TimeControl "180+1"]
[EndTime "9:22:17 PST"]
[Termination "alvarorodriguezavila won on time"]

1. e4 c5 2. d4 cxd4 3. c3 dxc3 4. Bc4 Nc6 5. Nf3 e6 6. O-O Qc7 7. Nxc3 Nf6 8. Qe2 Ng4 9. g3 Bc5 10. Bf4 Nge5 11. Nb5 Qb8 12. b4 Be7 13. Nxe5 Nxe5 14.
a3 a6 15. Nd4 d6 16. Ba2 O-O 17. Rac1 Bd7 18. Rfd1 Ng6 19. Be3 e5 20. Nf5 Bxf5 21.
exf5 Nh8 22. Qg4 Qd8 23. h4 Bf6 24. Bc5 Be7 25. f6 Bxf6 26. Rxd6 Qe7 27. Rb6 Qd8 28. Rxb7 Re8 29. Rd1 Qc8 30. Rdd7 Rd8 31. Rxf7 Nxf7 32. Bxf7+ Kh8 33. Be6 Qc6 34. Rf7 1-0

[Event "Early-Titled-Tuesday-Blitz-January-16-2024"]
[Site "Chess.com"]
[Date "2024.01.16"]
[Round "7"]
[White "topce"]
[Black "ninguno46"]
[Result "0-1"]
[WhiteElo "2371"]
[BlackElo "2540"]
[TimeControl "180+1"]
[EndTime "9:22:19 PST"]
[Termination "ninguno46 won on time"]

1. c4 e5 2. d3 Nf6 3. Nc3 Bb4 4. Bd2 O-O 5. a3 Bxc3 6. Bxc3 e4 7. e3 exd3 8. Bxd3 d6 9. Qc2 Nbd7 10. Nf3 Re8 11.
O-O-O a5 12. g4 Nf8 13. g5 N6d7 14. h4 Nc5 15. Nd4 Nxd3+ 16. Qxd3 Nd7 17. f4 Nc5 18. Qc2 Rxe3 19. Rhe1 Rxe1 20. Rxe1 Bg4 21. f5 Qd7 22. b4 axb4 23. axb4 Na4 24. Ba1 Nb6 25. Bb2 Re8 26. Rxe8+ Qxe8 27. Qc3 Na4 28.
Qg3 Qe4 29. Ba1 Qh1+ 30. Kd2 Qd1+ 31. Ke3 Nb6 32. Qf4 Nxc4+ 33. Kf2 Ne5 34. g6 Nd3+ 35. Kg3 Nxf4 36. gxf7+ Kxf7 37. Kxf4 Qxa1 38. Ne6 h5 39. Ng5+ Kg8 40. Nf3 Qf1 0-1